 Dungeon Crawl Stone Soup version 0.24.1-5-g77f818bfca (webtiles) character file.

Game seed: 9440642054138688413, levelgen mode: deterministic

21 RaHiT the Chiller (level 2, -4/21 (22) HPs)
             Began as a Ghoul Ice Elementalist on Apr 26, 2020.
             Slain by a leopard gecko (5 damage)
             ... on level 2 of the Dungeon.
             The game lasted 00:05:42 (1177 turns).

RaHiT the Chiller (Ghoul Ice Elementalist)          Turns: 1177, Time: 00:05:42

HP:   -4/21 (22)    AC:  2    Str: 11    XL:     2   Next: 87%
MP:   4/4           EV: 12    Int: 10    God:
Gold: 85            SH:  0    Dex:  9    Spells: 2/5 levels left

rFire    . . .     SeeInvis .   (no weapon)
rCold    + . .     Gourm    .   (no shield)
rNeg     + + +     Faith    .   a - +0 robe
rPois    ∞         Spirit   .   (no helmet)
rElec    .         Reflect  .   (no cloak)
rCorr    .         Harm     .   (no gloves)
MR       .....                  (no boots)
Stlth    ++........             (no amulet)
HPRegen  0.00/turn              (no ring)
MPRegen  0.09/turn              (no ring)

@: rotting
A: rotting body, claws 1, carnivore, cold resistance 1, negative energy
resistance 3, inhibited regeneration, torment resistance, unbreathing
a: no special abilities


You were on level 2 of the Dungeon.
You were not hungry.

You visited 1 branch of the dungeon, and saw 2 of its levels.

You collected 85 gold pieces.

Inventory:

Missiles
 i - 25 stones (quivered)
Armour
 a - a +0 robe (worn)
Scrolls
 b - 2 scrolls of remove curse {unknown}
 e - a scroll of enchant weapon {unknown}
 g - 3 scrolls of random uselessness {unknown}
 h - a scroll of identify {unknown}
 j - a scroll of blinking {unknown}
 k - a scroll of teleportation {unknown}
Potions
 d - a potion of lignification
Comestibles
 c - 8 rations


   Skills:
 + Level 0.9 Fighting
 + Level 2.0 Dodging
 - Level 2.1 Stealth
 + Level 0.5 Unarmed Combat
 * Level 2.2 Spellcasting
 - Level 0.7 Conjurations
 + Level 3.5 Ice Magic


You had 2 spell levels left.
You knew the following spells:

 Your Spells              Type           Power        Failure   Level  Hunger
a - Freeze                Ice            #...         7%          1    ##.....
b - Throw Frost           Conj/Ice       #.....       19%         2    ###....

Your spell library contained the following spells:

 Spells                   Type           Power        Failure   Level  Hunger
 Ozocubu's Armour         Chrm/Ice       #.......     41%         3    ####...
 Throw Icicle             Conj/Ice       #.......     77%         4    #####..
 Summon Ice Beast         Ice/Summ       #.......     83%         4    #####..


Dungeon Overview and Level Annotations

Branches:
Dungeon (2/15)

Altars:


Innate Abilities, Weirdness & Mutations

Your body is rotting away.
You thrive on raw meat.
You are immune to poison.
You have sharp fingernails.
You are carnivorous and can eat meat at any time.
Your flesh is cold resistant. (rC+)
You are immune to negative energy. (rN+++)
You do not regenerate when monsters are visible.
You are immune to unholy pain and torment.
You can survive without breathing.


Message History

You feel your flesh rotting away. The leopard gecko bites you.
* * * LOW HITPOINT WARNING * * *
Okay, then.
It was a potion of lignification.
You feel woody for a moment. The leopard gecko barely misses you.
You miss the leopard gecko.
The leopard gecko is moderately wounded.
The leopard gecko misses you.
You closely miss the leopard gecko.
The leopard gecko is moderately wounded.
The leopard gecko barely misses you.
You miss the leopard gecko.
The leopard gecko is moderately wounded.
The leopard gecko closely misses you. The leopard gecko bites you.
* * * LOW HITPOINT WARNING * * *
It was a potion of berserk rage.
You cannot raise a blood rage in your lifeless body.
The leopard gecko bites you.
You die...

#.# #(# #(# #(# # #.# #.
#.# ##.# #g# .##...# #l#
.......## #@###
........###...#
.........####.#
..............######..
.......#.#....#......#
.##...##.##.......######
######...[...##......#
#...........###
......#....).##


You could see a leopard gecko and a goblin.

Vanquished Creatures
  A dart slug (D:1)
  A leopard gecko (D:1)
  A giant cockroach (D:2)
  2 goblins (D:1)
  3 hobgoblins (D:1)
  2 kobolds
  3 bats
  4 rats (D:1)
17 creatures vanquished.

Notes
Turn   | Place    | Note
-------+----------+-------------------------------------------
     0 | D:1      | RaHiT the Ghoul Ice Elementalist began the quest for the
                  | Orb.
     0 | D:1      | Reached XP level 1. HP: 14/14 MP: 2/2
   445 | D:1      | Reached XP level 2. HP: 20/20 MP: 4/4
  1092 | D:2      | Learned a level 2 spell: Throw Frost
  1176 | D:2      | HP: 1/21 [leopard gecko (2)]
  1177 | D:2      | Slain by a leopard gecko

Levels and vault maps discovered:
D:1:      dpeg_arrival_boxes_within_box, layout_loops_corners
D:2:      layout_rooms, lemuel_round_altar, first_ration

Skill      XL: |  1  2 |
---------------+-------+-----
Spellcasting   | 2 |  2.2
Dodging        | 2 |  2.0
Fighting       | |  0.9
Stealth        | |  2.1
Unarmed Combat | |  0.5
Conjurations   | |  0.7
Ice Magic      | |  3.5

Action                   || total
-------------------------++-------
Melee: Unarmed           ||    91
Throw: Stone             ||     9
  Use: Potion            ||     2
  Eat: Chunk             ||    10
Armor: Robe              ||    18
Dodge: Dodged            ||    57
